 Dungeon Crawl Stone Soup version 0.29-a0-393-g47a863cc1b (webtiles) character file.

Game seed: 4892020725978427972

25 ytrimaz the Skirmisher (level 2, -2/24 HPs)
             Began as a Demonspawn Fighter on May 10, 2022.
             Slain by a gnoll
             ... wielding a +0 flail
              (10 damage)
             ... on level 2 of the Dungeon.
             The game lasted 00:00:52 (1542 turns).

ytrimaz the Skirmisher (Demonspawn Fighter)         Turns: 1542, Time: 00:00:52

Health: -2/24      AC:  6    Str: 16    XL:     2   Next: 82%
Magic:  2/2        EV:  8    Int:  9    God:
Gold:   45         SH:  4    Dex: 12    Spells: 1/1 levels left

rFire   . . .      SeeInvis .   a - +0 war axe
rCold   . . .      Faith    .   c - +0 buckler
rNeg    . . .      Spirit   .   b - +0 scale mail
rPois   .          Reflect  .   (no helmet)
rElec   .          Harm     .   (no cloak)
rCorr   .          Rampage  .   (no gloves)
Will    .....                   (no boots)
Stlth   ..........              (no amulet)
HPRegen 0.08/turn               (no ring)
MPRegen 0.08/turn               (no ring)

@: no status effects
A: weakness stinger 1
a: no special abilities


You were on level 2 of the Dungeon.
You visited 1 branch of the dungeon, and saw 2 of its levels.

You collected 45 gold pieces.

Inventory:

Hand Weapons
 a - a +0 war axe (weapon)
Armour
 b - a +0 scale mail (worn)
 c - a +0 buckler (worn)
Jewellery
 f - an amulet of reflection
Scrolls
 e - a scroll of amnesia {unknown}
Potions
 d - a potion of might
 g - a potion of ambrosia {unknown}
 h - a potion of mutation {unknown}
 i - a potion of resistance {unknown}


   Skills:
 + Level 3.2 Fighting
 + Level 2.2 Axes
 + Level 3.1 Armour
 + Level 2.9 Shields


You had one spell level left.
You didn't know any spells.
Your spell library contained the following spells:

 Spells                   Type           Power      Damage    Failure   Level
 Foxfire                  Conj/Fire      0%         2x1d4     88%         1
 Conjure Flame            Conj/Fire      0%         6-21      99%         3
 Inner Flame              Hex/Fire       0%         N/A       99%         3
 Flame Wave               Conj/Fire      0%         2d4       100%        4


Dungeon Overview and Level Annotations

Branches:
Dungeon (2/15)

Altars:

Shops:
D:1 *


Innate Abilities, Weirdness & Mutations

You have a small tail.


Message History

Found 5 gold pieces.
The gnoll shouts!
You hear a shout!
A gnoll comes into view. It is wielding a +0 flail.
An endoplasm comes into view.
There is a fountain of clear blue water here.
There are monsters nearby!
There are monsters nearby!
The gnoll shouts!
The endoplasm quivers.
You hear a shout!
A gnoll comes into view. It is wielding a +0 spear.
A gnoll comes into view. It is wielding a +0 spear.
The gnoll shouts!
The gnoll hits you but does no damage.
You barely miss the gnoll. You block the gnoll's attack.
You completely miss the gnoll. You hit the endoplasm but do no damage.
You closely miss the gnoll. You block the gnoll's attack.
The gnoll barely misses you. You block the endoplasm's attack.
The gnoll hits you with a +0 halberd.
The endoplasm hits you but does no damage.
The gnoll hits you but does no damage. The gnoll barely misses you. x2
You barely miss the gnoll. You hit the gnoll. You hit the endoplasm.
The gnoll completely misses you. The gnoll hits you with a +0 halberd.
The gnoll hits you from afar with a +0 spear.
The endoplasm hits you.
You barely miss the endoplasm.
You tail-slap the endoplasm, but do no damage.
The endoplasm is almost dead.
You hit the gnoll. You closely miss the gnoll.
A ball python comes into view.
The gnoll hits you from afar with a +0 spear.
You block the gnoll's attack. The endoplasm hits you.
The gnoll hits you from afar with a +0 spear.
* * * LOW HITPOINT WARNING * * *
You slash the gnoll!
You kill the gnoll!
You hit the endoplasm.
You kill the endoplasm!
You barely miss the gnoll. The gnoll hits you with a +0 flail!
You die...

...⌠.#.#.⌠........... ..
#.≈.# #.≈........... .S.
#.P.# #......†......
....#...###.≈...........
..$.#.PP....≈...........
......⌠⌠P⌠≈≈≈..#######+#
...............#
....:...####.#.#
......g@# #...#
.......)# ###.#
.....gg.# .# ......### #
...... ...... ......
.....


You could see 3 gnolls and a ball python.

Vanquished Creatures
  A gnoll (D:2)
  A dart slug (D:2)
  2 endoplasms
  A giant cockroach (D:1)
  A goblin (D:1)
  3 hobgoblins
  2 quokkas (D:1)
  3 ball pythons (D:1)
  3 frilled lizards
  3 kobolds (D:1)
  4 rats
24 creatures vanquished.

Vanquished Creatures (others)
  A plant (D:2)
1 creature vanquished.

Grand Total: 25 creatures vanquished

Notes
Turn   | Place    | Note
-------+----------+-------------------------------------------
     0 | D:1      | ytrimaz the Demonspawn Fighter began the quest for the Orb.
     0 | D:1      | Reached XP level 1. HP: 18/18 MP: 1/1
    51 | D:1      | Found Synia's General Store.
   813 | D:1      | Gained mutation: You have a small tail. [demonic ancestry]
   813 | D:1      | Reached XP level 2. HP: 23/24 MP: 2/2
  1542 | D:2      | Slain by a gnoll

Illustrated notes

Levels and vault maps discovered:
D:1:      minmay_arrival_loop, layout_basic, serial_shops, shop
D:2:      layout_basic, shapermc_ecumenical_altar_acropolis,
          corexii_corridor_pit, minmay_misc_feat_encased

Skill      XL: |  1  2 |
---------------+-------+-----
Axes           | 2 |  2.2
Armour         | 3 |  3.1
Fighting       | |  3.2
Shields        | |  2.9

Action                   || total
-------------------------++-------
Melee: War axe           ||    65
       Tailslap          ||     4
Armor: Scale mail        ||    32
Dodge: Dodged            ||    26
Block: Buckler           ||    17

Table legend: (Time is in decaauts)
 A = Elapsed time spent in this place.
 B = Non-inter-level travel time spent in this place.
 C = Inter-level travel time spent in this place.
 D = Time resting spent in this place.
 E = Time spent auto-exploring this place.
 F = Levels seen in this place.
 G = Mean time per level.
                   A        B        C        D        E       F      G
               +--------+--------+--------+--------+--------+-----+--------+
         Total |   1569 |   1557 |     12 |      0 |   1363 |   2 |  784.5 |
       Dungeon |   1569 |   1557 |     12 |      0 |   1363 |   2 |  784.5 |
               +--------+--------+--------+--------+--------+-----+--------+

Top non-repeatable levels by time:
     D:1: 1275 daAuts
     D:2: 294 daAuts
